 Dungeon Crawl Stone Soup version 0.28.0-49-g6dfe1f597d (webtiles) character file.

Game seed: 13390758638564172649

2 Zeld the Insei (level 1, -1/13 HPs)
             Began as an Octopode Transmuter on May 14, 2022.
             Slain by a kobold
             ... wielding a +0 whip
              (4 damage)
             ... on level 1 of the Dungeon.
             The game lasted 00:00:23 (146 turns).

Zeld the Insei (Octopode Transmuter)                 Turns: 146, Time: 00:00:24

Health: -1/13      AC:  1    Str:  9    XL:     1   Next: 40%
Magic:  2/3        EV: 13    Int: 15    God:
Gold:   0          SH:  0    Dex: 12    Spells: 3/4 levels left

rFire   . . .      SeeInvis .     - Unarmed
rCold   . . .      Faith    .   (no shield)
rNeg    . . .      Spirit   .   (helmet currently unavailable)
rPois   .          Reflect  .   (no amulet)
rElec   .          Harm     .   (no ring)
rCorr   .          Rampage  .   (no ring)
Will    .....                   (no ring)
Stlth   ++........              (no ring)
HPRegen 0.04/turn               (no ring)
MPRegen 0.08/turn               (no ring)
                                (no ring)
                                (no ring)

@: appendages
A: tentacle spike 3, almost no armour, amphibious, 8 rings, camouflage 1,
gelatinous body 1, (nimble swimmer 1), tentacles
a: End Transformation


You were on level 1 of the Dungeon.
One of your tentacles had grown a beastly spike.
You visited 1 branch of the dungeon, and saw 1 of its levels.

Inventory:

Jewellery
 b - an amulet of faith
Potions
 a - a potion of resistance {unknown}


   Skills:
 - Level 1.0 Fighting
 + Level 2.0 Dodging
 - Level 3.0 Unarmed Combat
 * Level 2.0 Spellcasting
 * Level 2.1 Transmutations


You had 3 spell levels left.
You knew the following spells:

 Your Spells              Type           Power      Damage    Failure   Level
a - Beastly Appendage     Tmut           14%        N/A       10%         1

Your spell library contained the following spells:

 Spells                   Type           Power      Damage    Failure   Level
 Wereblood                Tmut           7%         N/A       14%         2
 Spider Form              Tmut/Pois      4%         N/A       41%         3
 Ice Form                 Ice/Tmut       4%         N/A       82%         4


Dungeon Overview and Level Annotations

Branches:
Dungeon (1/15)

Altars:


Innate Abilities, Weirdness & Mutations

One of your tentacles has grown a beastly spike.
You cannot wear most types of armour.
You are amphibious.
You can wear up to eight rings at the same time.
Your skin changes colour to match your surroundings (Stealth+).
Your rubbery body absorbs attacks. (AC +1, EV +1)
((You are camouflaged when in or above water. (Stealth+)))
You have tentacles for arms and can constrict up to eight enemies at once.


Message History

Your transformation is almost over.
Your tentacle spike disappears.
Found a stone staircase leading down.
No target in view!
No target in view!
No target in view!
No target in view!
A kobold comes into view. It is wielding a +0 whip.
Found 6 boomerangs.
Casting: Beastly Appendage (safe; 10% risk of failure)
Confirm with . or Enter, or press ? or * to list all spells.
One of your tentacles grows a vicious spike.
A hobgoblin comes into view.
A goblin comes into view. It is wielding a +0 dagger.
The hobgoblin shouts!
The goblin shouts!
A quokka comes into view.
A goblin comes into view. It is wielding a +0 dagger.
The goblin shouts!
The kobold shouts!
You tentacle-slap the hobgoblin but do no damage.
Your grab misses the hobgoblin.
Your tentacle spike misses the hobgoblin.
The hobgoblin closely misses you.
You closely miss the kobold. You grab the kobold.
You constrict the kobold, but do no damage.
The kobold closely misses you. The hobgoblin hits you.
You tentacle-slap the hobgoblin. You grab the hobgoblin.
You pierce the hobgoblin.
The hobgoblin is heavily wounded.
You constrict the hobgoblin, but do no damage.
You constrict the kobold. The kobold hits you with a +0 whip.
The hobgoblin hits you.
* * * LOW HITPOINT WARNING * * *
You release your grip on the hobgoblin.
You release your grip on the kobold.
You tentacle-slap the kobold but do no damage.
You grab the kobold.
You pierce the kobold.
The kobold is heavily wounded.
You constrict the kobold, but do no damage.
The kobold hits you with a +0 whip.
You die...

####..###...####..# (# #
##.###.#.......# ..# #
#†..#.#.###...##..#
#####....#............#.
........#.#.###.......>.
#####.###............##
#.# ###.####.##### #.#
#(# #.# #.# #.# #@# ..#
#K# ### #....rgg...#
......g.....#
#.#.........#
#.........#
.............
###.........###
#.........#


You could see a quokka, a hobgoblin, 2 goblins and a kobold.

Vanquished Creatures
  2 hobgoblins (D:1)
2 creatures vanquished.

Notes
Turn   | Place    | Note
-------+----------+-------------------------------------------
     0 | D:1      | Zeld the Octopode Transmuter began the quest for the Orb.
     0 | D:1      | Reached XP level 1. HP: 13/13 MP: 3/3
   146 | D:1      | Slain by a kobold

Illustrated notes

Levels and vault maps discovered:
D:1:      evilmike_arrival_hilbert_curve, layout_loops_ring, serial_shops,
          nicolae_square_shop, corexii_leaking_fountain

Action                   || total
-------------------------++-------
Melee: Unarmed           ||     8
       Constrict         ||     4
       Kick              ||     2
       Tentacles         ||     1
 Cast: Beastly Appendage ||     4
 Stab: Sleeping          ||     1
Dodge: Dodged            ||     4
